 Dungeon Crawl Stone Soup version 0.29.1-1-gd02db6906a (webtiles) character file.

Game seed: 5710502341012413757

60 avis the Shooter (level 3, -5/29 HPs)
             Began as a Demigod Hunter on Sept 26, 2022.
             Slain by an ogre
             ... wielding a +0 giant spiked club
              (14 damage)
             ... on level 3 of the Dungeon.
             The game lasted 00:07:44 (2064 turns).

avis the Shooter (Demigod Hunter)                   Turns: 2064, Time: 00:07:44

Health: -5/29      AC:  3    Str: 12    XL:     3   Next: 57%
Magic:  14/14      EV: 12    Int: 11    God:
Gold:   103        SH:  0    Dex: 21    Spells: 2/2 levels left

rFire   x . .      SeeInvis .   a - +0 short sword (elec)
rCold   + . .      Faith    .   (no shield)
rNeg    . . .      Spirit   .   c - +0 leather armour
rPois   .          Reflect  .   (no helmet)
rElec   .          Harm     .   (no cloak)
rCorr   .          Rampage  .   (no gloves)
Will    .....                   (no boots)
Stlth   ++........              (no amulet)
HPRegen 0.09/turn               q - ring of magical power
MPRegen 0.14/turn               m - ring of ice

@: no status effects
A: high MP 1, forlorn, divine attributes
a: no special abilities


You were on level 3 of the Dungeon.
You visited 1 branch of the dungeon, and saw 3 of its levels.

You collected 103 gold pieces.

Inventory:

Hand Weapons
 a - a +0 short sword of electrocution (weapon)
 b - a +0 shortbow
Armour
 c - a +0 leather armour (worn)
Jewellery
 m - a ring of ice (right hand)
 q - a ring of magical power (left hand)
Scrolls
 e - a scroll of blinking {unknown}
 f - 4 scrolls of identify {unknown}
 g - a scroll of magic mapping {unknown}
 h - a scroll of brand weapon {unknown}
 i - 2 scrolls of immolation
 j - a scroll of noise {unknown}
 o - a scroll of fog {unknown}
Potions
 d - 3 potions of might {unknown}
 k - a potion of brilliance {unknown}
 l - a potion of berserk rage {unknown}
 n - a potion of flight {unknown}
 p - a potion of curing {unknown}


   Skills:
 + Level 2.2 Fighting
 * Level 1.0 Short Blades
 * Level 4.6 Ranged Weapons
 - Level 1.7 Dodging
 - Level 0.8 Stealth


You had 2 spell levels left.
You didn't know any spells.
Your spell library contained the following spells:

 Spells                   Type           Power      Damage    Failure   Level
 Summon Small Mammal      Summ           0%         N/A       41%         1
 Call Canine Familiar     Summ           0%         N/A       80%         3
 Summon Guardian Golem    Hex/Summ       0%         N/A       80%         3


Dungeon Overview and Level Annotations

Branches:
Dungeon (3/15)

Annotations:
D:2 Glass case with treasure.


Innate Abilities, Weirdness & Mutations

You have an increased reservoir of magic. (+10% MP)
You shall have no god before yourself.
Your divine heritage dramatically boosts your attributes as you level up.


Message History

There is a stone staircase leading down here.
You climb downwards.
There is a stone staircase leading up here.
p - a cyan potion
q - a ring of magical power You feel your magic capacity increase.
q - a ring of magical power (left hand)
You feel more attuned to ice.
m - a ring of ice (right hand) Magic restored.
You open the door.
A quokka comes into view.
There is an open door here.
Fire: b) +0 shortbow
Press: ? - help, Q - select action Shift-Dir - straight line, f - quokka
Aim: a quokka (asleep, 98% to hit)
You shoot an arrow. The arrow hits the quokka!
You kill the quokka!
You open the door.
Found a stone staircase leading down.
An ogre comes into view. It is wielding a +0 giant spiked club.
The ogre shouts!
There is an open door here.
Fire: b) +0 shortbow
Press: ? - help, Q - select action Shift-Dir - straight line, f - ogre
Aim: an ogre, wielding a +0 giant spiked club (78% to hit)
You shoot an arrow. The arrow hits the ogre.
The ogre is lightly wounded.
Fire: b) +0 shortbow
Press: ? - help, Q - select action Shift-Dir - straight line, f/p - ogre
Aim: an ogre, wielding a +0 giant spiked club (lightly wounded, 78% to hit)
You shoot an arrow. The arrow barely misses the ogre.
The ogre hits you with a +0 giant spiked club!!
Ouch! That really hurt!
You hear the crackle of electricity.
a - a +0 short sword of electrocution (weapon)
You hit the ogre.
The ogre is moderately wounded.
The ogre hits you with a +0 giant spiked club!
You die...

.# ##.## .# #.# ## .#
#.# .. .# ##'## .# .##
##...## .# ..###
##.....## .# . ....#
#.......##.# ..#
....###.........#O#....#
......+.........@.>.....
....###.........###....#
#.#.# ##...†...## ...
#.#.# ##.....## # #.#.#
##...## ....# ##+# ...##
#.# #..# ###.#########
#..# #......<....#


You could see an ogre.

Vanquished Creatures
  An adder (D:2)
  A worm (D:2)
  A dart slug (D:1)
  4 ball pythons
  3 bats
  4 endoplasms
  4 giant cockroaches
  3 goblins
  5 hobgoblins
  4 jackals (D:2)
  3 quokkas
  4 frilled lizards
  3 kobolds
  3 rats (D:1)
43 creatures vanquished.

Notes
Turn   | Place    | Note
-------+----------+-------------------------------------------
     0 | D:1      | avis the Demigod Hunter began the quest for the Orb.
     0 | D:1      | Reached XP level 1. HP: 17/17 MP: 3/3
   211 | D:1      | Reached skill level 4 in Ranged Weapons
   226 | D:1      | Reached XP level 2. HP: 22/24 MP: 4/4
  1297 | D:2      | Reached XP level 3. HP: 29/29 MP: 5/5
  1609 | D:2      | You fall into a shaft and drop 1 floor!
  1614 | D:3      | Reached skill level 1 in Short Blades
  2060 | D:3      | Noticed an ogre
  2064 | D:3      | Slain by an ogre

Illustrated notes

Levels and vault maps discovered:
D:1:      dpeg_arrival_renting, layout_basic
D:2:      layout_loops_corners, serial_glass, glass_columns_a, glass_columns_b,
          feat_on_display, minmay_strange_pillars, due_unseen_surprise,
          feat_on_display, kennysheep_flooded_box, solitary_fountain
D:3:      layout_loops_corners, bloody_trog, dreamdust_wishing_well,
          minmay_strange_pillars

Skill      XL: |  1  2  3 |
---------------+----------+-----
Fighting       | 2 |  2.2
Ranged Weapons | 4 |  4.6
Short Blades   | 1 |  1.0
Dodging        | |  1.7
Stealth        | |  0.8

Action                   || total
-------------------------++-------
Melee: Short sword       ||    12
 Fire: Shortbow          ||    92
Armor: Leather armour    ||     5
Dodge: Dodged            ||    27
